 Dungeon Crawl Stone Soup version 0.23.1 (webtiles) character file.

Game seed: 0

351107 nuthulu the Slayer (level 22, -28/214 (216) HPs)
             Began as a Hill Orc Fighter on Mar 11, 2019.
             Was the Champion of Okawaru.
             Killed from afar by a tengu reaver (41 damage)
             ... with a bolt of lightning
             ... on level 5 of the Vaults.
             The game lasted 01:27:34 (38734 turns).

nuthulu the Slayer (Hill Orc Fighter)              Turns: 38734, Time: 01:27:35

HP:   -28/214 (216) AC: 35    Str: 29    XL:     22   Next: 22%
MP:   30/30         EV: 17    Int:  8    God:    Okawaru [******]
Gold: 2059          SH: 34    Dex: 13    Spells: 21/21 levels left

rFire    + + .     SeeInvis +   O - +9 broad axe (chop)
rCold    . . .     Gourm    .   T - +4 large shield of Midsummer {+Blink rPois rF+ Stlth+}
rNeg     . . .     Faith    .   L - +2 plate armour {rF+}
rPois    +         Spirit   .   y - +2 helmet
rElec    .         Reflect  +   g - +2 cloak {MR+}
rCorr    .         Harm     .   U - +2 pair of gloves {Str+3}
MR       ++...                  D - +2 pair of boots {run}
Stlth    ..........             S - +5 amulet of reflection
HPRegen  0.45/turn              u - +4 ring of evasion
MPRegen  0.22/turn              G - ring of see invisible

@: quick
A: no striking features
}: 2/15 runes: decaying, serpentine
a: Heroism, Finesse, Renounce Religion, Evoke Blink


You were on level 5 of the Vaults.
You worshipped Okawaru.
Okawaru was exalted by your worship.
You were not hungry.

You visited 7 branches of the dungeon, and saw 37 of its levels.
You also visited: Gauntlet.

You collected 4033 gold pieces.
You spent 1974 gold pieces at shops.

Inventory:

Hand Weapons
 s - a +3 broad axe of flaming
 M - a +0 vampiric demon whip
 O - a +9 broad axe of chopping (weapon)
Missiles
 t - 6 throwing nets (quivered)
Armour
 g - a +2 cloak of magic resistance (worn)
 y - a +2 helmet (worn)
 D - a +2 pair of boots of running (worn)
 L - a +2 plate armour of fire resistance (worn)
 T - the +4 large shield of Midsummer (worn) {+Blink rPois rF+ Stlth+}
   (You acquired it on level 14 of the Dungeon)

   It protects you from fire.
   It protects you from poison.
   It lets you blink.
   It makes you more stealthy.
 U - a +2 pair of gloves of strength (worn)
Jewellery
 d - an uncursed ring of protection from fire
 i - an uncursed amulet of faith
 r - an uncursed amulet of regeneration
 u - a +4 ring of evasion (left hand)
 C - an uncursed ring of positive energy
 F - a +4 ring of protection
 G - a ring of see invisible (right hand)
 K - an uncursed ring of protection from fire
 S - a +5 amulet of reflection (around neck)
 X - a ring of the Octopus King {rC+ AC+1 EV+1 Str+1 Int+1 Dex+1}
   (You found it on level 4 of the Snake Pit)

   [ring of protection from cold]

   It affects your AC (+1).
   It affects your evasion (+1).
   It affects your strength (+1).
   It affects your intelligence (+1).
   It affects your dexterity (+1).
   It protects you from cold.
Wands
 c - a wand of paralysis (39)
 k - a wand of clouds (3)
 v - a wand of flame (80)
 B - a wand of digging (14)
 E - a wand of disintegration (12)
 I - a wand of iceblast (12)
 R - a wand of random effects (23)
 W - a wand of acid (7)
 Y - a wand of scattershot (13)
Scrolls
 j - a scroll of brand weapon
 o - 3 scrolls of silence
 p - 12 scrolls of teleportation
 x - 13 scrolls of remove curse
 A - 4 scrolls of magic mapping
 J - a scroll of fog
 N - 3 scrolls of identify
 P - 5 scrolls of blinking
 Q - a scroll of holy word
Potions
 a - a potion of mutation
 b - 2 potions of resistance
 e - 7 potions of curing
 h - 6 potions of agility
 l - 9 potions of lignification
 m - 2 potions of ambrosia
 n - 7 potions of magic
 q - 3 potions of cancellation
 w - 5 potions of brilliance
 z - 2 potions of haste
 H - 8 potions of flight
 V - 4 potions of heal wounds
 Z - 3 potions of might
Comestibles
 f - 42 rations


   Skills:
 * Level 22.3 Fighting
 - Level 18.0 Axes
 + Level 17.5 Armour
 + Level 10.8 Dodging
 + Level 21.8 Shields
 - Level 11.4 Invocations


You had 21 spell levels left.
You didn't know any spells.
Your spell library contained the following spells:

 Spells                   Type           Power        Failure   Level  Hunger
 Animate Skeleton         Necr           N/A          97%         1    ##.....
 Beastly Appendage        Tmut           #.....       97%         1    ##.....
 Confusing Touch          Hex            #.....       97%         1    ##.....
 Corona                   Hex            #......      97%         1    ##.....
 Magic Dart               Conj           #...         97%         1    ##.....
 Pain                     Necr           #...         97%         1    ##.....
 Sandblast                Erth           #.....       97%         1    ##.....
 Summon Butterflies       Summ           #.......     97%         1    ##.....
 Summon Small Mammal      Summ           #...         97%         1    ##.....
 Blink                    Tloc           N/A          99%         2    ###....
 Call Imp                 Summ           #.......     99%         2    ###....
 Ensorcelled Hibernation  Hex/Ice        #.....       99%         2    ###....
 Passwall                 Tmut/Erth      #.......     99%         2    ###....
 Searing Ray              Conj           #.....       99%         2    ###....
 Slow                     Hex            #.......     99%         2    ###....
 Sticks to Snakes         Tmut           #.......     99%         2    ###....
 Call Canine Familiar     Summ           #.......     100%        3    ####...
 Confuse                  Hex            #.......     100%        3    ####...
 Conjure Flame            Conj/Fire      #.......     100%        3    ####...
 Dazzling Spray           Conj/Hex       #.....       100%        3    ####...
 Gell's Gravitas          Tloc           #.........   100%        3    ####...
 Mephitic Cloud           Conj/Pois/Air  #.......     100%        3    ####...
 Recall                   Summ/Tloc      N/A          100%        3    ####...
 Regeneration             Chrm/Necr      #.........   100%        3    ####...
 Spider Form              Tmut/Pois      #.........   100%        3    ####...
 Stone Arrow              Conj/Erth      #.....       100%        3    ####...
 Summon Guardian Golem    Hex/Summ       #.......     100%        3    ####...
 Tukima's Dance           Hex            #.......     100%        3    ####...
 Vampiric Draining        Necr           #.........   100%        3    ####...
 Animate Dead             Necr           N/A          100%        4    #####..
 Cause Fear               Hex            #.........   100%        4    #####..
 Force Lance              Conj/Tloc      #.......     100%        4    #####..
 Fulminant Prism          Conj/Hex       #.........   100%        4    #####..
 Ice Form                 Ice/Tmut       #.......     100%        4    #####..
 Iskenderun's Mystic Bla  Conj           #.......     100%        4    #####..
 Leda's Liquefaction      Hex/Erth       #.........   100%        4    #####..
 Petrify                  Tmut/Erth      #.......     100%        4    #####..
 Summon Ice Beast         Ice/Summ       #.......     100%        4    #####..
 Summon Lightning Spire   Summ/Air       #.......     100%        4    #####..
 Aura of Abjuration       Summ           #.........   100%        5    ######.
 Blade Hands              Tmut           #.........   100%        5    ######.
 Lee's Rapid Deconstruct  Erth           #.........   100%        5    ######.
 Lightning Bolt           Conj/Air       #.........   100%        5    ######.
 Metabolic Englaciation   Hex/Ice        #.........   100%        5    ######.
 Summon Demon             Summ           #.........   100%        5    ######.
 Summon Forest            Summ/Tloc      #.........   100%        5    ######.
 Summon Mana Viper        Hex/Summ       #.......     100%        5    ######.
 Yara's Violent Unravell  Hex/Tmut       #.........   100%        5    ######.
 Conjure Ball Lightning   Conj/Air       #.........   100%        6    #######
 Invisibility             Hex            #.......     100%        6    #######
 Shadow Creatures         Summ           N/A          100%        6    #######
 Summon Hydra             Summ           #.........   100%        7    #######


Dungeon Overview and Level Annotations

Branches:
Dungeon (15/15)            Temple (1/1) D:6            Lair (6/6) D:10
  Swamp (4/4) Lair:2        Snake (4/4) Lair:2        Slime (0/5) Lair:6
    Orc (2/2) D:9             Elf (0/3) Orc:2        Vaults (5/5) D:13
  Crypt (0/3) Vaults:3     Depths (0/5) D:15

Altars:
Ashenzari
Cheibriados
Dithmenos
Elyvilon
Fedhas
Gozag
Hepliaklqana
Kikubaaqudgha
Makhleb
Okawaru
Qazlal
Ru
Sif Muna
Trog
Uskayaw
Wu Jian
Xom
Yredelemnul
The Shining One
Beogh
Jiyva

Shops:
D:9 *(   D:14 }   D:15 [:%*?   Orc:2 %[![   Vaults:1 (   Vaults:2 =
Vaults:3 (   Vaults:4 ?

Portals:
Trove: D:14 (give +5 demon whip)

Annotations:
D:7 2 transporters, teukkam's ghost, novice MiFi
Lair:2 exclusion: 2 oklob plants
Snake:2 1 transporter


Message History

The bolt of lightning hits you! The bolt of lightning hits you!!!
* * * LOW HITPOINT WARNING * * *
The deep elf high priest misses you.
You slash the wolf spider!
The wolf spider is severely wounded.
Your shield prevents you from hitting the deep elf high priest.
You slice the tengu reaver!! You hit the purple very ugly thing.
You slash the iron dragon! You slash the yaktaur captain!
You kill the yaktaur captain!
Okawaru accepts your kill.
You block the wolf spider's attack. x2; The purple very ugly thing misses you.
A deep elf demonologist comes into view.
It is wielding the +9 glaive of Tension {chop, rF- Str+6 Dex+5}.
The iron dragon bites you.
* * * LOW HITPOINT WARNING * * *
You block the iron dragon's attack. The iron dragon misses you.
The tengu reaver gestures at you while chanting.
The bolt of lightning hits you!!!
* * * LOW HITPOINT WARNING * * *
The bolt of lightning hits you!!!
You die...

#...#....# ..
#...#....#.(..
....#....#....
............
#####...*....####
.................
......))D<.......
.......@uC<......
......seQp[(..(..
#####..c[[[..####
#..........#
#((#....#(#e..
..###..Q.##.#.#
#.. #....# .(#.
..# #....# #.# ..
#....# ..


You could see an iron dragon, a purple very ugly thing, a stone giant, 2 tengu
reavers, a yaktaur captain, a wolf spider, a deep elf demonologist, a vault
sentinel, a deep elf high priest and a battlesphere.

Vanquished Creatures
  Bai Suzhen (Swamp:3)
  A golden dragon (Vaults:5)
  A titan (Vaults:5)
  Jorgrun (D:12)
  3 quicksilver dragons (Vaults:5)
  2 liches (Vaults:1)
  Gastronok (D:12)
  Kirke (Swamp:3)
  Donald (Swamp:3)
  5 tengu reavers
  A storm dragon (Vaults:5)
  A shadow dragon (Vaults:4)
  5 nagarajas
  2 frost giants
  A fire giant (Vaults:3)
  4 vault wardens
  2 deep elf sorcerers
  3 war gargoyles
  8 stone giants
  13 ironheart preservers
  3 very ugly things
  4 entropy weavers
  2 vampire knights (Vaults:3)
  2 deep elf demonologists (Vaults:2)
  3 dire elephants
  A minotaur (Gauntlet)
  4 ettins
  The ghost of Tiareth the Thaumaturge, a journeyman DEWz of Sif Muna (Lair:6)
  2 fire dragons
  Snorg (Lair:4)
  3 deep elf death magi
  Fannar (Orc:1)
  4 yaktaur captains
  25 vault guards
  2 rakshasas (Vaults:3)
  Harold (D:8)
  21 hydras
  17 naga warriors
  Erolcha (Orc:2)
  5 ice dragons
  A catoblepas (Lair:6)
  An anaconda (shapeshifter) (Vaults:1)
  10 anacondas
  4 shambling mangroves
  7 alligators
  2 death knights
  A queen ant (Lair:4)
  31 two-headed ogres
  13 ogre magi
  5 centaur warriors
  A deep troll shaman (Vaults:4)
  7 death yaks
  5 shock serpents
  A tengu warrior (D:12)
  2 deep troll earth magi (Vaults:4)
  13 naga sharpshooters
  7 skeletal warriors
  5 deep elf knights (Vaults:3)
  2 sea snakes (Snake:4)
  2 salamander mystics (Snake:4)
  A titan skeleton (Vaults:4)
  4 flayed ghosts (Vaults:4)
  A spriggan druid (Swamp:4)
  4 deep trolls
  4 unseen horrors
  10 swamp dragons
  9 naga ritualists
  A death drake (shapeshifter) (Vaults:3)
  2 deep elf archers (Vaults:3)
  2 lindwurms (Lair:6)
  An oklob plant (Snake:1)
  3 wizards
  2 phantasmal warriors
  2 wolf spider zombies
  8 harpies
  17 ironbrand convokers
  29 orc knights
  7 mana vipers
  3 necromancers
  10 salamanders
  30 ugly things
  17 deep elf magi
  10 cyclopes
  A moth of wrath (shapeshifter) (Vaults:2)
  6 wolf spiders
  3 stone giant skeletons (Vaults:4)
  5 manticores
  35 black mambas
  7 elephants
  An elephant (shapeshifter) (Vaults:2)
  A sphinx skeleton (Vaults:4)
  2 guardian serpents
  A black mamba (shapeshifter) (D:14)
  Joseph (D:9)
  14 vault sentinels
  An eye of devastation (shapeshifter) (Vaults:1)
  A guardian serpent (shapeshifter) (Vaults:3)
  13 spiny frogs
  17 naga magi
  A gargoyle (D:11)
  Psyche (D:11)
  An efreet (D:14)
  2 yaktaurs (shapeshifter)
  33 yaktaurs
  9 freezing wraiths
  3 rime drakes
  6 komodo dragons
  A guardian mummy (D:14)
  9 tyrant leeches
  A yaktaur skeleton (Vaults:4)
  9 trolls
  9 slime creatures
  15 hornets
  6 bog bodies
  33 blink frogs
  10 polar bears
  9 dream sheep (Lair:6)
  14 hippogriffs
  A raiju (Lair:6)
  A stone giant simulacrum (Vaults:1)
  3 tarantellas
  3 wraiths
  A redback (shapeshifter) (Vaults:1)
  4 redbacks
  5 spriggans
  29 yaks
  5 basilisks
  A spriggan (shapeshifter) (Vaults:4)
  5 wyverns
  6 hogs (Swamp:3)
  Grum (D:8)
  2 hungry ghosts
  A golden eye (shapeshifter) (D:15)
  A steam dragon (Lair:5)
  10 vampire mosquitoes
  A deep troll zombie (Vaults:4)
  22 wargs
  38 nagas
  22 soldier ants (Lair:4)
  5 insubstantial wisps (Swamp:4)
  17 swamp worms
  2 acid dragons
  16 hell hounds
  6 porcupines
  6 water moccasins
  6 ice beasts
  56 orc warriors
  3 sky beasts
  2 necrophages
  19 swamp drakes
  An ettin simulacrum (Vaults:2)
  15 black bears
  38 ogres
  15 wolves
  An eye of draining (D:13)
  A phantom (D:5)
  4 centaurs
  5 boggarts (D:15)
  An elf simulacrum (Vaults:1)
  3 big kobolds
  11 crocodiles
  A glowing shapeshifter simulacrum (Vaults:1)
  20 bullfrogs
  2 wyvern skeletons
  7 scorpions
  A hornet simulacrum (D:15)
  A water moccasin skeleton (D:4)
  7 killer bees (D:11)
  9 wights
  2 howler monkeys
  2 electric eels
  3 centaur zombies
  17 crimson imps
  4 hounds
  A quasit (D:11)
  2 bullfrog zombies
  A human simulacrum (Vaults:4)
  4 centaur skeletons
  Crazy Yiuf (D:3)
  28 orc priests
  3 jellies
  2 bullfrog skeletons
  Jessica (D:2)
  4 iguanas
  23 orc wizards
  29 worker ants
  2 worker ant zombies
  4 gnolls
  9 adders
  4 shadow imps
  4 white imps
  An ufetubus (D:10)
  2 oozes
  2 adder skeletons (D:4)
  2 worms (D:2)
  2 dart slugs (D:1)
  6 leopard geckos
  126 orcs
  A ball python (D:3)
  7 giant cockroaches
  9 goblins
  6 hobgoblins
  21 jackals
  23 kobolds
  2 quokkas
  6 bats
  3 frilled lizards
  3 quokka zombies
  10 rats
  3 crawling corpses (Vaults:5)
  4 fungi
  3 plants
1573 creatures vanquished.

Vanquished Creatures (collateral kills)
  2 nagarajas (Snake:4)
  A naga warrior (Snake:4)
  A naga ritualist (Snake:4)
  A salamander (Snake:4)
  4 naga magi (Snake:4)
  3 nagas (Snake:4)
  2 soldier ants (Lair:4)
  A wolf (D:10)
  A worker ant (Lair:4)
  An orc (D:10)
  A plant (Lair:4)
18 creatures vanquished.

Vanquished Creatures (others)
  2 stone giants
  A yaktaur captain (Vaults:5)
  2 centaur warriors
  2 naga sharpshooters
  A shadow wraith (Vaults:5)
  A deep troll (Vaults:5)
  2 deep elf archers
  An orc knight (Vaults:4)
  A cyclops (Vaults:1)
  A naga mage (Snake:3)
  10 yaktaurs
  2 hornets (Swamp:1)
  A spriggan (Swamp:1)
  A naga (Snake:3)
  An orc warrior (Orc:2)
  A white imp (D:10)
  9 fungi
  14 plants
  2 withered plants (Gauntlet)
55 creatures vanquished.

Grand Total: 1646 creatures vanquished

Notes
Turn   | Place    | Note
-------+----------+-------------------------------------------
     0 | D:1      | nuthulu the Hill Orc Fighter began the quest for the Orb.
     0 | D:1      | Reached XP level 1. HP: 19/19 MP: 1/1
    34 | D:1      | Reached XP level 2. HP: 15/26 MP: 2/2
   333 | D:1      | Reached XP level 3. HP: 25/31 MP: 3/3
  1141 | D:2      | Noticed Jessica
  1144 | D:2      | Killed Jessica
  1144 | D:2      | Reached XP level 4. HP: 36/39 MP: 4/4
  1748 | D:3      | Reached skill level 5 in Axes
  1816 | D:3      | Reached XP level 5. HP: 38/45 MP: 5/5
  2076 | D:3      | Found a runed translucent door.
  2077 | D:3      | Noticed Crazy Yiuf
  2115 | D:3      | Reached skill level 5 in Shields
  2492 | D:3      | Killed Crazy Yiuf
  2685 | D:4      | Reached XP level 6. HP: 43/51 MP: 6/6
  2803 | D:4      | Found a bloodstained altar of Trog.
  3035 | D:4      | Reached XP level 7. HP: 52/57 MP: 7/7
  3679 | D:5      | Entered Level 5 of the Dungeon
  3793 | D:5      | Reached XP level 8. HP: 59/64 MP: 8/8
  4104 | D:6      | Found a staircase to the Ecumenical Temple.
  4342 | D:6      | Reached skill level 10 in Axes
  4531 | D:6      | Reached XP level 9. HP: 64/70 MP: 9/9
  5141 | D:7      | Noticed a komodo dragon
  5171 | D:7      | Killed a komodo dragon
  5171 | D:7      | Reached skill level 10 in Shields
  5275 | D:7      | Found a transporter.
  5275 | D:7      | Found a transporter.
  5283 | D:7      | Noticed teukkam's ghost (novice MiFi)
  5314 | D:7      | Found an ancient bone altar of Kikubaaqudgha.
  5726 | D:8      | Noticed Grum
  5735 | D:8      | Killed Grum
  5943 | D:8      | Noticed a cyan ugly thing
  5970 | D:8      | Killed a cyan ugly thing
  5970 | D:8      | Reached XP level 10. HP: 32/77 MP: 10/10
  6293 | D:8      | Found a white marble altar of Elyvilon.
  6308 | D:8      | Noticed Harold
  6326 | D:8      | Killed Harold
  6766 | D:8      | Found a burning altar of Makhleb.
  6918 | D:9      | Found Vuha's Weapon Shoppe.
  6918 | D:9      | Found a staircase to the Orcish Mines.
  7097 | D:9      | Found Erhag's General Store.
  7121 | D:9      | Identified a +2 pair of boots of running (You found it on
                  | level 9 of the Dungeon)
  7460 | D:9      | Noticed Joseph
  7482 | D:9      | Killed Joseph
  7847 | D:10     | Entered Level 10 of the Dungeon
  7928 | Temple   | Entered the Ecumenical Temple
  7973 | Temple   | Became a worshipper of Warmaster Okawaru
  8073 | D:9      | Reached XP level 11. HP: 68/82 MP: 11/11
  8100 | D:10     | You fall through a shaft for 3 floors!
  8152 | D:13     | Noticed a cyclops
  8162 | D:13     | Killed a cyclops
  8274 | D:13     | Noticed a cyclops
  8283 | D:13     | Killed a cyclops
  8318 | D:13     | Noticed a purple ugly thing
  8338 | D:12     | Reached * piety under Okawaru
  8338 | D:12     | Reached skill level 15 in Axes
  8367 | D:12     | Noticed Gastronok
  8369 | D:11     | Noticed Psyche
  8369 | D:11     | Noticed a red ugly thing
  8379 | D:11     | Killed Psyche
  8384 | D:11     | Killed a red ugly thing
  8566 | D:11     | Noticed a manticore
  8574 | D:11     | Killed a manticore
  8604 | D:11     | Reached ** piety under Okawaru
  8891 | D:10     | Found a staircase to the Lair.
  8996 | D:10     | Reached *** piety under Okawaru
  9227 | D:10     | Noticed an unseen horror
  9239 | D:10     | Killed an unseen horror
  9453 | D:10     | Reached **** piety under Okawaru
  9509 | D:10     | Reached XP level 12. HP: 35/90 MP: 12/12
  9878 | Lair:1   | Entered Level 1 of the Lair of Beasts
 10301 | Lair:1   | Noticed a six-headed hydra
 10310 | Lair:1   | Killed a six-headed hydra
 10310 | Lair:1   | Reached ***** piety under Okawaru
 10574 | Lair:1   | Found a snail-covered altar of Cheibriados.
 10702 | Lair:2   | Reached skill level 15 in Shields
 10729 | Lair:2   | Found a gate leading to a gauntlet.
 10738 | Gauntlet | Entered a Gauntlet
 10738 | Gauntlet | Found a transporter.
 10738 | Gauntlet | Found a transporter.
 10742 | Gauntlet | Found a transporter.
 10748 | Gauntlet | Noticed a death ooze
 10749 | Gauntlet | Found a transporter.
 10757 | Gauntlet | Found a transporter.
 10761 | Gauntlet | Found a transporter.
 10776 | Gauntlet | Reached skill level 1 in Invocations
 10814 | Gauntlet | Found a transporter.
 10832 | Gauntlet | Found a transporter.
 10864 | Gauntlet | Found a transporter.
 10866 | Gauntlet | Found a transporter.
 10866 | Gauntlet | Noticed a death yak
 10874 | Gauntlet | Noticed a death yak
 10874 | Gauntlet | Noticed a death yak
 10874 | Gauntlet | Found a transporter.
 10874 | Gauntlet | Noticed a death yak
 10887 | Gauntlet | Reached skill level 4 in Fighting
 10912 | Gauntlet | Killed a death yak
 10921 | Gauntlet | Killed a death yak
 10923 | Gauntlet | Killed a death yak
 10924 | Gauntlet | Killed a death yak
 10924 | Gauntlet | Reached skill level 5 in Fighting
 10924 | Gauntlet | Reached skill level 5 in Invocations
 10932 | Gauntlet | Found a transporter.
 11009 | Gauntlet | Noticed a minotaur
 11042 | Gauntlet | Killed a minotaur
 11045 | Gauntlet | Identified the Volume of Cloudy Clay
 11051 | Gauntlet | Identified Itiacvuw's Collected Works on Curses
 11201 | Lair:2   | Reached skill level 5 in Armour
 11202 | Lair:2   | Found a staircase to the Snake Pit.
 11280 | Lair:2   | Noticed a four-headed hydra
 11287 | Lair:2   | Killed a four-headed hydra
 11712 | Lair:2   | Found a staircase to the Swamp.
 11727 | Lair:2   | Reached XP level 13. HP: 101/101 MP: 17/17
 11738 | Lair:2   | Received a gift from Okawaru
 12172 | Lair:3   | Reached skill level 6 in Fighting
 12246 | Lair:3   | Reached ****** piety under Okawaru
 12453 | Lair:3   | Reached skill level 7 in Fighting
 13016 | Lair:4   | Reached skill level 8 in Fighting
 13184 | Lair:4   | Noticed an entropy weaver
 13197 | Lair:4   | Reached skill level 9 in Fighting
 13207 | Lair:4   | Received a gift from Okawaru
 13218 | Lair:4   | Killed an entropy weaver
 13219 | Lair:4   | Noticed Snorg
 13379 | Lair:4   | Killed Snorg
 13511 | Lair:4   | Noticed an entropy weaver
 13531 | Lair:4   | Killed an entropy weaver
 13531 | Lair:4   | Reached skill level 10 in Fighting
 13912 | Lair:4   | Reached XP level 14. HP: 111/121 MP: 21/21
 14218 | Lair:5   | Received a gift from Okawaru
 14408 | Lair:5   | Received a gift from Okawaru
 14421 | Lair:5   | Reached skill level 11 in Fighting
 14503 | Lair:5   | Reached skill level 10 in Invocations
 14898 | Lair:6   | Entered Level 6 of the Lair of Beasts
 15063 | Lair:6   | Noticed a dire elephant
 15094 | Lair:6   | Killed a dire elephant
 15094 | Lair:6   | Reached skill level 12 in Fighting
 15287 | Lair:6   | Noticed a dire elephant
 15304 | Lair:6   | Killed a dire elephant
 15601 | Lair:6   | Found a runed translucent door.
 15601 | Lair:6   | Noticed Tiareth's ghost (journeyman DEWz)
 15628 | Lair:6   | Killed Tiareth's ghost
 15628 | Lair:6   | Received a gift from Okawaru
 15736 | Lair:6   | Reached skill level 13 in Fighting
 15916 | Lair:6   | Reached XP level 15. HP: 112/136 MP: 23/23
 15994 | Lair:6   | Reached skill level 10 in Armour
 16101 | Lair:6   | Found a staircase to the Slime Pits.
 16102 | Lair:6   | Found a viscous altar of Jiyva.
 16388 | Lair:6   | Reached skill level 14 in Fighting
 16744 | D:11     | Found a roughly hewn altar of Beogh.
 17474 | D:12     | Noticed Jorgrun
 17495 | D:12     | Killed Jorgrun
 17923 | D:12     | Killed Gastronok
 17923 | D:12     | Received a gift from Okawaru
 17929 | D:12     | Got a smoking scale mail {god gift}
 17940 | D:12     | Identified the +1 scale mail of Ixtoowus {-Cast rF+ rC+}
                  | (Okawaru gifted it to you on level 12 of the Dungeon)
 18063 | D:12     | Reached skill level 15 in Fighting
 18548 | D:13     | Found a basalt altar of Yredelemnul.
 18888 | D:13     | Found a gate to the Vaults.
 19235 | D:14     | Found Reset's Gadget Emporium.
 19293 | D:14     | Identified a scroll of acquirement
 19296 | D:14     | Got a scorched large shield
 19307 | D:14     | Identified the +4 large shield of Midsummer {+Blink rPois
                  | rF+ Stlth+} (You acquired it on level 14 of the Dungeon)
 19346 | D:14     | Found a portal to a secret trove of treasure.
 19536 | D:14     | Found a blossoming altar of Fedhas.
 19773 | D:15     | Entered Level 15 of the Dungeon
 19783 | D:15     | Found Ythraeff's Food Boutique.
 19838 | D:15     | Found Enel's Book Shoppe.
 20047 | D:15     | Received a gift from Okawaru
 20094 | D:15     | Found Loaroent's General Store.
 20102 | D:15     | Bought 3 scrolls of brand weapon for 960 gold pieces
 20132 | D:15     | Found Eschiajulo's Magic Scroll Shop.
 20140 | D:15     | Bought a scroll of enchant weapon for 142 gold pieces
 20140 | D:15     | Bought a scroll of enchant weapon for 142 gold pieces
 20225 | D:15     | Reached XP level 16. HP: 151/151 MP: 24/24
 20227 | D:15     | Reached skill level 16 in Fighting
 20283 | D:15     | Found Dohaevumn's Armour Shoppe.
 20291 | D:15     | Bought a +2 helmet for 280 gold pieces
 20456 | D:15     | Found a staircase to the Depths.
 20775 | Orc:1    | Entered Level 1 of the Orcish Mines
 20975 | Orc:1    | Noticed Fannar
 20991 | Orc:1    | Killed Fannar
 21258 | Orc:2    | Entered Level 2 of the Orcish Mines
 21298 | Orc:2    | Noticed Erolcha
 21312 | Orc:2    | Killed Erolcha
 21558 | Orc:2    | Found a roughly hewn altar of Beogh.
 21782 | Orc:2    | Found Luvvupt's Distillery.
 21782 | Orc:2    | Found Decarchyu's Antique Armour Emporium.
 21884 | Orc:2    | Found Direymm's Armour Emporium.
 21900 | Orc:2    | Received a gift from Okawaru
 21923 | Orc:2    | Found Mehiv's Food Boutique.
 21993 | Orc:2    | Found a staircase to the Elven Halls.
 22737 | Swamp:1  | Entered Level 1 of the Swamp
 23326 | Swamp:1  | Reached skill level 1 in Dodging
 23758 | Swamp:2  | You fall through a shaft!
 23840 | Swamp:3  | Noticed Bai Suzhen
 24073 | Swamp:3  | Killed Bai Suzhen
 24088 | Swamp:3  | Noticed Donald
 24101 | Swamp:3  | Killed Donald
 24323 | Swamp:3  | Noticed Kirke
 24344 | Swamp:3  | Killed Kirke
 24691 | Swamp:4  | Entered Level 4 of the Swamp
 24776 | Swamp:4  | Reached XP level 17. HP: 126/160 MP: 25/25
 25016 | Swamp:4  | Received a gift from Okawaru
 25037 | Swamp:4  | Reached skill level 17 in Fighting
 25305 | Swamp:4  | Got a decaying rune of Zot
 25911 | Snake:1  | Entered Level 1 of the Snake Pit
 26188 | Snake:1  | Found a glowing golden altar of the Shining One.
 26205 | Snake:1  | Identified the -5 pair of gloves of the Realm of Zot {Int+7
                  | Dex+3} (You found it on level 1 of the Snake Pit)
 26657 | Snake:1  | Received a gift from Okawaru
 27716 | Snake:2  | Reached skill level 5 in Dodging
 27752 | Snake:2  | Found a deep blue altar of Sif Muna.
 27760 | Snake:2  | Found a transporter.
 27984 | Snake:2  | Reached XP level 18. HP: 169/171 MP: 26/26
 28834 | Snake:3  | Received a gift from Okawaru
 29357 | Snake:3  | Reached skill level 18 in Fighting
 29531 | Snake:4  | Entered Level 4 of the Snake Pit
 29569 | Snake:4  | Found the ring of the Octopus King
 29581 | Snake:4  | Got a ring of the Octopus King
 29623 | Snake:4  | Found an opulent altar of Gozag.
 29750 | Snake:4  | Received a gift from Okawaru
 29757 | Snake:4  | Received a gift from Okawaru
 30067 | Snake:4  | Got a serpentine rune of Zot
 31003 | Vaults:1 | Entered Level 1 of the Vaults
 31014 | Vaults:1 | Reached XP level 19. HP: 178/180 MP: 27/27
 31279 | Vaults:1 | Reached skill level 15 in Armour
 31564 | Vaults:1 | Noticed a Tzitzimitl
 31565 | Vaults:1 | Received a gift from Okawaru
 31585 | Vaults:1 | Identified the +2 pair of boots of Okawaru's Wrath {rElec
                  | rN++} (Okawaru gifted it to you on level 1 of the Vaults)
 31586 | Vaults:1 | Identified a ring of the Octopus King {rC+ AC+1 EV+1 Str+1
                  | Int+1 Dex+1} (You found it on level 4 of the Snake Pit)
 32036 | Vaults:1 | Found the +8 longbow "Zephyr" {speed, Dex+3 SInv}
 32132 | Vaults:1 | Found Cyihy's Antique Weapon Emporium.
 32725 | Vaults:2 | Reached skill level 19 in Fighting
 32942 | Vaults:2 | Received a gift from Okawaru
 33282 | Vaults:2 | Paralysed by a wizard for 4 turns
 33474 | Vaults:2 | Reached XP level 20. HP: 183/191 MP: 28/28
 33647 | Vaults:2 | Paralysed by an ogre mage for 6 turns
 33937 | Vaults:2 | Found a shattered altar of Ashenzari.
 33959 | Vaults:2 | Found Lyamot's Jewellery Shoppe.
 34444 | Vaults:3 | Reached skill level 20 in Fighting
 34644 | Vaults:3 | Received a gift from Okawaru
 34699 | Vaults:3 | Found a staircase to the Crypt.
 35395 | Vaults:3 | Found Demott's Weapon Boutique.
 36238 | Vaults:4 | Reached XP level 21. HP: 200/200 MP: 29/29
 36308 | Vaults:4 | Received a gift from Okawaru
 36456 | Vaults:4 | Reached skill level 21 in Fighting
 36578 | Vaults:4 | Found Doraxur's Magic Scroll Emporium.
 36592 | Vaults:4 | Bought 3 scrolls of enchant weapon for 450 gold pieces
 36970 | Vaults:4 | Reached skill level 10 in Dodging
 37153 | Vaults:4 | Received a gift from Okawaru
 37529 | Vaults:4 | Identified the +0 shield "Cyakhlavy" {rC++ rN+ rCorr
                  | Slay+3} (You acquired it on level 4 of the Vaults)
 37571 | Vaults:4 | Identified the +2 leather armour of Yxiocun {Int+2}
 38266 | Vaults:5 | Entered Level 5 of the Vaults
 38294 | Vaults:5 | Reached skill level 22 in Fighting
 38308 | Vaults:5 | Reached XP level 22. HP: 161/213 MP: 26/30
 38310 | Vaults:5 | Noticed a golden dragon
 38328 | Vaults:5 | Killed a golden dragon
 38328 | Vaults:5 | Received a gift from Okawaru
 38706 | Vaults:5 | Identified the ring of Ru's Benevolence {Str+3 Dex+3}
 38734 | Vaults:5 | Identified the +9 glaive of Tension {chop, rF- Str+6 Dex+5}
 38734 | Vaults:5 | Killed from afar by a tengu reaver

Skill      XL: |  1  2  3  4  5  6  7  8  9 10 11 12 13 14 15 16 17 18 19 20 21 |
---------------+----------------------------------------------------------------+-----
Axes           | 3 4 5 6 7 8 10 12 14 16 17 18 | 18.0
Shields        | 4 5 6 7 9 11 12 14 15 17 18 19 20 21 | 21.8
Invocations    | 6 9 11 | 11.4
Fighting       | 5 10 13 15 16 17 18 19 20 22 | 22.3
Armour         | 5 7 9 11 12 13 14 15 16 17 | 17.5
Dodging        | 2 5 6 8 9 10 | 10.8

Action                   |  1- 3 |  4- 6 |  7- 9 | 10-12 | 13-15 | 16-18 | 19-21 | 22-24 || total
-------------------------+-------+-------+-------+-------+-------+-------+-------+-------++-------
Melee: War axe           |    75 |   213 |   427 |   223 |       |       |       |       ||   938
       Broad axe         |       |       |       |   526 |  1188 |  1314 |  1125 |    57 ||  4210
Invok: Heroism           |       |       |       |     5 |     6 |     3 |     4 |       ||    18
       Finesse           |       |       |       |     1 |     5 |     4 |     4 |       ||    14
Evoke: Wand              |       |       |       |    10 |    28 |       |       |       ||    38
  Use: Scroll            |     1 |     9 |    12 |    11 |    15 |     9 |     8 |       ||    65
       Potion            |       |     1 |     4 |    12 |     2 |     5 |     1 |       ||    25
 Stab: Paralysed         |       |       |       |       |     6 |       |       |       ||     6
       Confused          |       |       |       |       |       |     1 |       |       ||     1
       Distracted        |       |       |       |       |       |     3 |       |       ||     3
  Eat: Chunk             |     1 |     6 |    10 |    16 |     7 |     6 |     4 |       ||    50
       Ration            |       |       |       |     1 |     6 |    10 |     5 |     1 ||    23
Armor: Scale mail        |    41 |    71 |   100 |       |       |       |       |       ||   212
       Chain mail        |       |       |    31 |   132 |       |       |       |       ||   163
       Plate armour      |       |       |       |    93 |   452 |   307 |   230 |    25 ||  1107
Dodge: Dodged            |    26 |    52 |   105 |   179 |   346 |   222 |   231 |    23 ||  1184
Block: Shield            |    48 |   133 |   299 |   568 |   852 |       |       |       ||  1900
       Large shield      |       |       |       |       |   132 |  1483 |  1455 |   100 ||  3170
       Reflection        |       |       |       |       |       |   117 |   144 |    13 ||   274
